AoeStats
← ツ Lupinamet

Arabia

510364628Analyzed
1v1 RM · 2d ago on Sep 30, 2026· 44m 26s· 2 players
Game mode
Random Map
Map size
Tiny (2 player)
Population
200
Speed
Normal
Resources
Standard
Victory
Conquest
Starting age
Dark Age
Ending age
Imperial Age
RankedLock teamsTeams togetherTeam positionsShared explorationLock speedFull tech treeHidden civsTurbo modeCheats
Victory
Defeat
🇲🇽 Dravidians · Mexico
1676
+12
🇹🇷 Burmese · Türkiye
1594
-12
ツ Lupinamet
7:34 Loom
7:43 Loom
10:31 Feudal Age
14:30 Fletching
18:23 Padded Archer Armor
19:44 Town Watch
23:41 Castle Age
21:47 Horse Collar
22:31 Scale Barding Armor
23:12 Forging
23:13 Gold Mining
23:57 Bloodlines
27:08 Husbandry
29:31 Chain Barding Armor
29:48 Wheelbarrow
30:41 Stone Mining
32:10 Light Cavalry
34:23 Gold Shaft Mining
39:56 Bodkin Arrow
MonoLink
6:35 Loom
9:09 Feudal Age
10:12 Double-Bit Axe
12:09 Fletching
14:13 Horse Collar
22:15 Castle Age
21:15 Padded Archer Armor
22:18 Crossbowman
23:01 Bodkin Arrow
23:29 Bow Saw
23:20 Heavy Plow
23:23 Gold Mining
26:01 Wheelbarrow
25:45 Stone Mining
29:35 Ballistics
29:46 Scale Mail Armor
29:57 Forging
29:27 Pikeman
30:30 Squires
39:26 Imperial Age
38:33 Chain Mail Armor
38:53 Iron Casting
41:07 Conscription
40:39 Halberdier
41:35 Bracer
43:49 Chemistry
Connection lost

Rejoining the realm…

Still unreachable

The connection could not be restored.

Session expired

The server has moved on; the page needs a fresh start.